General information
- name: BNet
- type: Ladder team game (AT/RT)
- host: Battle.net
- saver: BATMANS-GF-IRL
map: Battleground
- players: 8
- length: 26:20
- speed: Fast
- version: 1.26 W3XP
- replay type: Public
» download(135 KB)
Players
team 1 (winner)
FLAMENGO_ (
teal | 58 APM | 1529 actions | 26:20)
4 Demon Hunter
2 Evasion
2 Mana Burn
3 Keeper of the Grove
2 Entangling Roots
1 Thorns Aura
» actions
| Assign group hotkey | 27 | |
| Basic commands | 144 | |
| Build / train | 73 | |
| ESC pressed | 1 | |
| Enter build submenu | 21 | |
| Enter hero's abilities submenu | 7 | |
| Remove unit from queue | 1 | |
| Right click | 284 | |
| Select / deselect | 305 | |
| Select group hotkey | 623 | |
| Use ability | 43 | |
1529 total
» units
| Wisp | 28 | |
| Archer | 17 | |
| Hippogryph | 6 | |
| Chimaera | 5 | |
56 total
» upgrades
| Improved Bows | 1 | |
| Corrosive Breath | 1 | |
| Nature's Blessing | 1 | |
3 total
» buildings
| Altar of Elders | 1 | |
| Moon Well | 6 | |
| Ancient of War | 2 | |
| Tree of Ages | 1 | |
| Tree of Eternity | 1 | |
| Ancient of Wind | 5 | |
| Chimaera Roost | 3 | |
| Tree of Life | 2 | |
21 total
» build order
00:03 Altar of Elders
00:17 Moon Well
00:46 Ancient of War
01:28 Moon Well
02:33 Tree of Ages
03:01 Moon Well
06:10 Tree of Eternity
06:57 Ancient of Wind
08:31 Chimaera Roost
08:33 Chimaera Roost
08:36 Chimaera Roost
08:39 Moon Well
12:37 Moon Well
14:34 Tree of Life
15:25 Ancient of Wind
16:10 Ancient of Wind
16:16 Ancient of Wind
16:21 Tree of Life
16:32 Ancient of Wind
16:50 Moon Well
20:28 Ancient of War
bear10 (
red | 35 APM | 800 actions | 22:45)
2 Tauren Chieftain
1 Endurance Aura
1 War Stomp
» actions
| Assign group hotkey | 17 | |
| Basic commands | 37 | |
| Build / train | 33 | |
| Enter build submenu | 11 | |
| Enter hero's abilities submenu | 2 | |
| Remove unit from queue | 4 | |
| Right click | 402 | |
| Select / deselect | 150 | |
| Select group hotkey | 115 | |
| Use ability | 29 | |
800 total
» units
» upgrades
| Pillage | 1 | |
| Ensnare | 1 | |
| Melee Weapons | 2 | |
4 total
» buildings
| Orc Burrow | 6 | |
| Altar of Storms | 1 | |
| Barracks | 1 | |
| Stronghold | 1 | |
| Beastiary | 2 | |
| War Mill | 1 | |
12 total
» build order
00:16 Orc Burrow
00:20 Altar of Storms
00:55 Barracks
01:42 Orc Burrow
02:41 Orc Burrow
05:16 Stronghold
08:10 Beastiary
08:14 War Mill
08:17 Orc Burrow
10:18 Orc Burrow
11:41 Orc Burrow
13:40 Beastiary
» items
| Healing Salve | 2 | |
| Scroll of Speed | 1 | |
3 total

»
BATMANS-GF-IRL (
pink | 68 APM | 1790 actions | 26:20)
6 Firelord
3 Summon Lava Spawn
2 Soul Burn
1 Volcano
» actions
| Assign group hotkey | 77 | |
| Basic commands | 140 | |
| Build / train | 60 | |
| Enter build submenu | 15 | |
| Enter hero's abilities submenu | 7 | |
| Give item / drop item | 3 | |
| Right click | 720 | |
| Select / deselect | 223 | |
| Select group hotkey | 498 | |
| Use ability | 47 | |
1790 total
» units
| Peon | 19 | |
| Troll Headhunter/Berserker | 13 | |
| Wind Rider | 6 | |
38 total
» upgrades
| Ranged Weapons | 2 | |
| Troll Regeneration | 1 | |
| Reinforced Defenses | 1 | |
| Envenomed Spears | 1 | |
5 total
» buildings
| Orc Burrow | 7 | |
| Barracks | 2 | |
| War Mill | 1 | |
| Altar of Storms | 1 | |
| Voodoo Lounge | 1 | |
| Stronghold | 1 | |
| Fortress | 1 | |
| Beastiary | 3 | |
| Great Hall | 1 | |
18 total
» build order
00:11 Orc Burrow
01:24 Barracks
01:27 Barracks
01:30 War Mill
01:49 Altar of Storms
02:12 Orc Burrow
02:28 Voodoo Lounge
03:05 Orc Burrow
05:44 Orc Burrow
06:09 Stronghold
08:32 Fortress
08:57 Beastiary
08:59 Beastiary
09:01 Orc Burrow
13:12 Great Hall
13:47 Orc Burrow
13:48 Orc Burrow
14:18 Beastiary
» items
| Healing Salve | 3 | |
| Scroll of Town Portal | 1 | |
| Lesser Clarity Potion | 1 | |
| Potion of Mana | 1 | |
| Staff of Teleportation | 1 | |
| Tiny Great Hall | 1 | |
8 total
OGmudboneJR (
purple | 20 APM | 519 actions | 26:20)
4 Paladin
2 Divine Shield
2 Devotion Aura
» actions
| Basic commands | 2 | |
| Build / train | 45 | |
| Enter build submenu | 22 | |
| Enter hero's abilities submenu | 4 | |
| Right click | 260 | |
| Select / deselect | 162 | |
| Use ability | 24 | |
519 total
» units
| Peasant | 7 | |
| Footman | 11 | |
| Knight | 11 | |
29 total
» upgrades
| Swords | 3 | |
| Lumber Harvesting | 1 | |
| Plating | 1 | |
5 total
» buildings
| Altar of Kings | 1 | |
| Farm | 11 | |
| Barracks | 2 | |
| Blacksmith | 1 | |
| Keep | 1 | |
| Lumber Mill | 1 | |
| Castle | 1 | |
| Scout Tower | 5 | |
| Arcane Tower | 4 | |
27 total
» build order
00:12 Altar of Kings
00:23 Farm
01:04 Barracks
02:10 Farm
02:55 Blacksmith
03:39 Keep
05:09 Farm
07:11 Lumber Mill
07:21 Castle
07:29 Barracks
09:58 Farm
10:55 Farm
11:52 Farm
12:36 Farm
13:16 Farm
14:13 Farm
20:52 Scout Tower
21:19 Scout Tower
21:53 Farm
21:55 Arcane Tower
21:56 Arcane Tower
22:36 Farm
24:30 Scout Tower
25:00 Scout Tower
25:10 Arcane Tower
25:28 Scout Tower
25:29 Arcane Tower
team 2 (loser)

»
Goriila.Warfare (
green | 57 APM | 662 actions | 11:35)
2 Priestess of the Moon
1 Trueshot Aura
1 Searing Arrows
» actions
| Assign group hotkey | 7 | |
| Build / train | 31 | |
| Enter build submenu | 15 | |
| Enter hero's abilities submenu | 2 | |
| Right click | 383 | |
| Select / deselect | 116 | |
| Select group hotkey | 89 | |
| Use ability | 19 | |
662 total
» units
| Wisp | 12 | |
| Huntress | 4 | |
| Chimaera | 2 | |
| Hippogryph | 3 | |
21 total
» upgrades
| Strength of the Wild | 2 | |
| Reinforced Hides | 1 | |
3 total
» buildings
| Moon Well | 5 | |
| Altar of Elders | 1 | |
| Ancient of War | 1 | |
| Hunter's Hall | 1 | |
| Tree of Ages | 1 | |
| Tree of Eternity | 1 | |
| Ancient of Wind | 1 | |
| Ancient Protector | 2 | |
| Chimaera Roost | 2 | |
15 total
» build order
00:19 Moon Well
00:44 Altar of Elders
01:28 Ancient of War
01:35 Hunter's Hall
02:36 Moon Well
02:54 Tree of Ages
03:39 Moon Well
04:49 Moon Well
05:19 Tree of Eternity
06:11 Moon Well
06:15 Ancient of Wind
06:45 Ancient Protector
06:49 Ancient Protector
07:49 Chimaera Roost
07:51 Chimaera Roost
» items

»
TexasWW (
orange | 58 APM | 784 actions | 13:32)
3 Mountain King
2 Storm Bolt
1 Bash
» actions
| Assign group hotkey | 17 | |
| Basic commands | 1 | |
| Build / train | 44 | |
| Enter build submenu | 21 | |
| Enter hero's abilities submenu | 3 | |
| Right click | 404 | |
| Select / deselect | 179 | |
| Select group hotkey | 75 | |
| Use ability | 40 | |
784 total
» units
| Peasant | 11 | |
| Footman | 14 | |
| Rifleman | 5 | |
30 total
» upgrades
» buildings
| Altar of Kings | 1 | |
| Farm | 5 | |
| Barracks | 1 | |
| Lumber Mill | 1 | |
| Scout Tower | 7 | |
| Guard Tower | 4 | |
| Keep | 1 | |
| Arcane Vault | 1 | |
| Arcane Sanctum | 1 | |
| Blacksmith | 1 | |
| Castle | 1 | |
24 total
» build order
00:14 Altar of Kings
00:16 Farm
00:37 Barracks
00:57 Farm
01:39 Lumber Mill
02:16 Scout Tower
02:29 Farm
03:30 Farm
03:40 Guard Tower
05:04 Farm
05:06 Keep
05:10 Scout Tower
05:12 Scout Tower
05:39 Guard Tower
05:41 Guard Tower
05:43 Scout Tower
05:51 Scout Tower
06:12 Guard Tower
06:52 Scout Tower
07:04 Scout Tower
08:24 Arcane Vault
08:34 Arcane Sanctum
08:37 Blacksmith
11:32 Castle
» items
| Scroll of Regeneration | 1 | |
| Scroll of Town Portal | 1 | |
| Potion of Healing | 1 | |
3 total
skypefest (
blue | 45 APM | 518 actions | 11:25)
1 Mountain King
1 Storm Bolt
» actions
| Assign group hotkey | 53 | |
| Basic commands | 59 | |
| Build / train | 29 | |
| Enter build submenu | 18 | |
| Enter hero's abilities submenu | 1 | |
| Right click | 155 | |
| Select / deselect | 127 | |
| Select group hotkey | 54 | |
| Use ability | 22 | |
518 total
» units
| Peasant | 6 | |
| Footman | 9 | |
| Rifleman | 3 | |
18 total
» upgrades
| Defend | 1 | |
| Plating | 1 | |
| Gunpowder | 1 | |
3 total
» buildings
| Altar of Kings | 1 | |
| Farm | 6 | |
| Barracks | 2 | |
| Lumber Mill | 1 | |
| Blacksmith | 1 | |
| Keep | 1 | |
| Arcane Vault | 1 | |
| Castle | 1 | |
14 total
» build order
00:18 Altar of Kings
00:21 Farm
01:02 Barracks
01:21 Farm
02:17 Barracks
03:11 Farm
03:48 Lumber Mill
03:56 Farm
04:37 Farm
05:42 Blacksmith
05:43 Keep
06:58 Arcane Vault
08:06 Castle
08:34 Farm
» items
| Scroll of Regeneration | 1 | |
| Scroll of Town Portal | 1 | |
| Lesser Clarity Potion | 1 | |
3 total
walmartpimp (
yellow | 62 APM | 1624 actions | 26:20)
5 Death Knight
3 Death Coil
2 Unholy Aura
3 Priestess of the Moon
1 Searing Arrows
1 Trueshot Aura
1 Scout
» actions
| Assign group hotkey | 19 | |
| Basic commands | 18 | |
| Build / train | 40 | |
| ESC pressed | 3 | |
| Enter build submenu | 19 | |
| Enter hero's abilities submenu | 8 | |
| Right click | 463 | |
| Select / deselect | 147 | |
| Select group hotkey | 864 | |
| Use ability | 43 | |
1624 total
» units
| Acolyte | 2 | |
| Ghoul | 4 | |
| Frost Wyrm | 6 | |
| Chimaera | 2 | |
14 total
» upgrades
| Creature Attack | 3 | |
| Creature Carapace | 1 | |
| Strength of the Wild | 1 | |
5 total
» buildings
| Ziggurat | 7 | |
| Altar of Darkness | 1 | |
| Crypt | 1 | |
| Nerubian Tower | 1 | |
| Halls of the Dead | 1 | |
| Tomb of Relics | 1 | |
| Graveyard | 1 | |
| Black Citadel | 1 | |
| Sacrificial Pit | 1 | |
| Boneyard | 3 | |
| Spirit Tower | 2 | |
| Town Hall | 2 | |
22 total
» build order
00:15 Ziggurat
00:17 Altar of Darkness
01:13 Crypt
01:22 Nerubian Tower
03:19 Halls of the Dead
04:07 Tomb of Relics
04:27 Graveyard
04:48 Ziggurat
04:54 Ziggurat
06:51 Ziggurat
06:54 Black Citadel
08:16 Sacrificial Pit
08:26 Ziggurat
09:16 Boneyard
09:18 Boneyard
11:11 Ziggurat
12:55 Spirit Tower
13:27 Boneyard
16:14 Spirit Tower
19:23 Town Hall
20:17 Ziggurat
24:02 Town Hall
» items
| Rod of Necromancy | 2 | |
| Potion of Mana | 1 | |
| Lesser Clarity Potion | 2 | |
5 total
Chat log
(00:20 / All) BATMANS-GF-IRL: LOVE YOU wal-mart pimp!!!!!!
(00:33 / All) walmartpimp: cant say the same
(00:34 / All) BATMANS-GF-IRL: its me, the 300 food mountain giant guy!!!
(00:39 / All) walmartpimp: sweet
(00:49 / All) walmartpimp: lets do this
(01:03 / All) walmartpimp: whos on your side?
(01:12 / All) BATMANS-GF-IRL: its just me this time
(01:13 / All) BATMANS-GF-IRL: honest
(01:29 / All) bear10: wat u guys butt buddys?
(01:34 / All) walmartpimp: its all good
(01:37 / All) BATMANS-GF-IRL: speak when spoken to red
(01:40 / All) OGmudboneJR: old lovers?
(01:46 / All) OGmudboneJR: was it a bad break up?
(01:47 / All) bear10: lmao
(02:04 / All) BATMANS-GF-IRL: im an old pro at wc3, used to have a level 25 account
(02:05 / All) bear10: they trying to bup dicks after this
(02:15 / All) OGmudboneJR: lololol
(02:45 / All) OGmudboneJR: which one of you has the lube?
(03:00 / All) bear10: must be yeloow
(03:06 / All) OGmudboneJR: yeah probly
(03:08 / Allies) bear10: they rushing
(03:17 / Allies) OGmudboneJR: rut row
(03:53 / Allies) FLAMENGO_: purp?
(03:54 / Allies) OGmudboneJR: gogogo
(04:12 / Allies) bear10: towrrt
(04:59 / Allies) OGmudboneJR: HELP
(05:08 / Allies) FLAMENGO_: im tping
(07:26 / Allies) OGmudboneJR: im goin knights
(07:35 / Allies) BATMANS-GF-IRL: already level 5 lol
(07:37 / Allies) OGmudboneJR: comin
(08:01 / Allies) FLAMENGO_: b
(08:01 / Allies) FLAMENGO_: b
(08:01 / Allies) FLAMENGO_: b
(08:54 / Allies) OGmudboneJR: we are gonna rape them
(09:04 / Allies) bear10: they prob have mass air
(09:07 / Allies) OGmudboneJR: what units is everyone getting?
(09:14 / Allies) bear10: am getting rairders and wyvs
(09:24 / Allies) OGmudboneJR: k
(09:28 / Allies) bear10: come teal
(09:31 / Allies) bear10: hit and run
(09:35 / Allies) OGmudboneJR: teal and pink what are you guys getting?
(09:47 / Allies) FLAMENGO_: chims
(09:55 / Allies) OGmudboneJR: get hipps too
(10:56 / All) skypefest: Chimz
(11:09 / Allies) FLAMENGO_: go
(11:09 / Allies) FLAMENGO_: go
(11:20 / All) skypefest: gg
(11:23 / All) skypefest: worst team ever
(11:33 / Allies) OGmudboneJR: hit now
(11:44 / All) walmartpimp: wtf
(12:02 / All) bear10: lol means lub time =D
(12:05 / All) bear10: LMAO
(12:07 / All) OGmudboneJR: LOL
(12:39 / All) bear10: the one saying WTF is Usually the rapee
(12:54 / All) TexasWW: well blue is but hes not here
(12:56 / All) TexasWW: gg
(13:20 / Allies) FLAMENGO_: get aa dudes
(13:25 / All) BATMANS-GF-IRL: i got to level 6 hella quick
(13:28 / Allies) FLAMENGO_: they chims frosts
(13:57 / Allies) OGmudboneJR: shiiit
(14:25 / Allies) bear10: tp and rape the,
(15:05 / Allies) OGmudboneJR: teal get more hipps
(15:08 / All) walmartpimp: no
(15:25 / All) walmartpimp: itss all good
(15:32 / Allies) bear10: tp to purple
(15:38 / Allies) FLAMENGO_: no aa dude
(15:39 / All) walmartpimp: :)
(15:53 / Allies) OGmudboneJR: TEAL GET MORE HIPPS
(15:55 / Allies) FLAMENGO_: wood plxz
(15:57 / Allies) FLAMENGO_: wood me
(17:27 / Allies) bear10: lol pink
(17:34 / Allies) OGmudboneJR: pink stop
(17:45 / Allies) bear10: lets go
(17:53 / Allies) bear10: they are butt buddies
(17:54 / Allies) FLAMENGO_: wtf pink
(17:55 / Allies) FLAMENGO_: tk?
(17:56 / All) BATMANS-GF-IRL: i got ur base protected yellow
(18:03 / All) OGmudboneJR: probly for his boyfriend
(18:13 / Allies) FLAMENGO_: really pink?
(18:31 / Allies) OGmudboneJR: destroy this base and we win
(18:54 / Allies) FLAMENGO_: gg
(18:59 / Allies) FLAMENGO_: pink let it for them
(19:00 / Allies) FLAMENGO_: lol
(19:03 / Allies) bear10: go around
(19:03 / All) OGmudboneJR: LOL
(19:06 / All) OGmudboneJR: I CAN DO THIS
(19:07 / Allies) bear10: kill their shit
(19:18 / Allies) bear10: before pink kills u
(19:46 / All) OGmudboneJR: fuuuck
(19:49 / All) walmartpimp: LOL
(19:54 / All) BATMANS-GF-IRL: hide shit
(20:02 / All) BATMANS-GF-IRL: hit teal base botton middle
(20:31 / All) OGmudboneJR: why pink
(20:33 / All) OGmudboneJR: why
(20:37 / All) BATMANS-GF-IRL: i like yellow
(20:39 / All) OGmudboneJR: i just dont understand
(20:39 / All) BATMANS-GF-IRL: he is a great guy
(20:45 / All) bear10: i bet
(20:47 / All) bear10: lol
(21:05 / All) FLAMENGO_: lol
(21:13 / All) FLAMENGO_: this game is dead
(21:14 / All) FLAMENGO_: gg
(21:32 / Allies) FLAMENGO_: hit
(21:35 / Allies) FLAMENGO_: ino
(21:37 / Allies) FLAMENGO_: hit creep
(21:39 / Allies) FLAMENGO_: creep
(21:39 / Allies) OGmudboneJR: KILL THE BUILDING
(21:50 / Allies) FLAMENGO_: damn
(21:55 / Allies) FLAMENGO_: u had to pull it
(22:09 / Allies) OGmudboneJR: damnit teal
(22:11 / All) BATMANS-GF-IRL: ok finish my base now
(22:16 / All) BATMANS-GF-IRL: tey dont have units
(22:17 / Allies) OGmudboneJR: why didnt you get units that could attack
(22:33 / Allies) bear10: iight later
(22:33 / All) FLAMENGO_: faggot
(22:52 / Allies) OGmudboneJR: teeeal
(22:56 / All) BATMANS-GF-IRL: good job walmart
(22:57 / All) BATMANS-GF-IRL: lol
(22:57 / Allies) FLAMENGO_: anyway
(22:58 / Allies) OGmudboneJR: why didnt you get archers or somthin
(23:06 / Allies) FLAMENGO_: thats over
(23:13 / Allies) FLAMENGO_: he estroyed my building dude
(23:17 / All) walmartpimp: alright :)
(23:36 / Allies) OGmudboneJR: WE STILL HAVE A CHANCE
(23:47 / Allies) FLAMENGO_: not really
(23:53 / Allies) FLAMENGO_: pink is a retarded dude
(24:04 / All) BATMANS-GF-IRL: no im not teal
(24:11 / All) OGmudboneJR: yeah
(24:23 / All) OGmudboneJR: hes just one of those dudes who plays too much warcraft
(24:35 / All) walmartpimp: batman rocks
(24:40 / All) FLAMENGO_: life is good thos
(24:45 / All) BATMANS-GF-IRL: yes batman rules
(24:47 / All) FLAMENGO_: just to let u know
(24:49 / All) FLAMENGO_: hahaha
(24:57 / All) walmartpimp: changing my name to robin
(24:57 / All) BATMANS-GF-IRL: i didnt bs
(24:59 / All) BATMANS-GF-IRL: to be honest
(25:01 / All) BATMANS-GF-IRL: i love robin
(25:05 / All) BATMANS-GF-IRL: he was awesome in dark knight
(25:10 / Allies) FLAMENGO_: haha
(25:22 / Allies) FLAMENGO_: if u need this to lvl up
(25:25 / All) FLAMENGO_: gl
(25:31 / All) BATMANS-GF-IRL: lol
(25:36 / All) BATMANS-GF-IRL: teal
(25:37 / All) walmartpimp: dark knight rocked
(25:38 / All) BATMANS-GF-IRL: one question
(25:41 / All) BATMANS-GF-IRL: why did u go hippos
(25:48 / All) BATMANS-GF-IRL: when he only had 2 buildings left
(25:49 / All) OGmudboneJR: lol
(25:53 / All) OGmudboneJR: thats what i said
(26:04 / All) FLAMENGO_: I didnt noticed u were tking
(26:05 / Allies) OGmudboneJR: he didnt go hippos when we actually needed hippos
(26:15 / All) BATMANS-GF-IRL: all u had to do was